[Event "Silver Lake Festival 2022"]
[Site "Veliko Gradiste"]
[Date "2022.06.23"]
[Round "6.12"]
[White "Doraszelski, Alexander"]
[Black "Govedarica, Radovan"]
[Result "0-1"]
[ECO "B23"]
[WhiteElo "1887"]
[BlackElo "2289"]
[Annotator "TA"]
[PlyCount "88"]
[EventDate "2022.06.16"]
[EventType "swiss"]
[EventCountry "SRB"]
[SourceTitle "playchess.com"]
[Source "ChessBase"]
[SourceQuality "1"]
[TimeControl "5400+30"]

1. e4 c5 2. Nc3 Nc6 3. Bb5 Nd4 4. Nf3 Nxb5 5. Nxb5 a6 6. Nc3 {[%emt 0:00:30] B23: Closed Sicilian: Lines without g3.} e6 7. d4 cxd4 8. Qxd4 {[%emt 0:00:00] White has an edge.} d6 9. Bg5 Nf6 ({Black should play} 9... f6 $11 10. Be3 Ne7) 10. O-O-O $14 {[%emt 0:00:00] Hoping for e5.} Be7 $1 11. e5 dxe5 12. Qxe5 Bd7 {[%emt 0:00:00] [#]} 13. Kb1 $146 ({Predecessor:} 13. Rd2 Qc8 14. Rhd1 Bc6 15. Nd4 O-O 16. Nf5 exf5 17. Qxe7 Ne4 18. Nxe4 fxe4 19. h3 {½-½ (50) Jones,G (2672)-Suder,J (2321) Chess.com INT 2022}) 13... Rc8 14. Rhe1 Qc7 15. Bxf6 gxf6 {[%emt 0:00:00] [#]} (15... Bxf6 $11 16. Qxc7 Rxc7) 16. Qd4 ({Better is} 16. Qe3 $1 $16) 16... Bc6 17. Qg4 {[%emt 0:00:00] Against Rg8} Kf8 18. Qh5 h6 19. Nd4 {[%emt 0:00:00][%cal Oe1e6] And now Rxe6! would win.} Bd7 20. Nf5 Bb4 (20... exf5 $2 {[#]} 21. Rxe7 $1 Kxe7 22. Nd5+ Ke8 23. Nxc7+ Rxc7 24. Qh4 $18) (20... Bc5 $11 {and Black stays safe.} 21. Nd4 (21. Nxh6 Be8 $17) 21... Be7) 21. Nxh6 $2 {[%emt 0:00:00] Pair of Knights!} (21. Qg4 $18 exf5 22. Qxb4+ Kg7 23. Re7) 21... Be8 $17 22. Re3 Qf4 (22... Be7 $17 {Threatens to win with ...f5.} 23. Rh3 f5) 23. Re4 $11 Qxh6 24. Qxh6+ Rxh6 25. Rxb4 Bc6 26. h4 (26. g3 $11) 26... Bxg2 $17 27. Ne2 f5 28. Rg1 Be4 29. Ng3 (29. Nc3 $17 {was necessary.}) 29... Bc6 $2 ({Stronger than} 29... Rxh4 30. Nxe4 Rxe4 31. Rxe4 (31. Rxb7 Re2 $17) 31... fxe4 32. Kc1 $17) (29... Bxc2+ $19 {and Black stays clearly on top.} 30. Ka1 e5 31. Rxb7 Rxh4) 30. h5 Ke7 31. Rh4 Kf6 32. f4 Bf3 33. Kc1 Rch8 {[%emt 0:00:00] Black is more active.} 34. Kd2 Bxh5 35. Rxh5 (35. Rgh1 $15 Kg6 36. Ke3) 35... Rxh5 36. Nxh5+ Rxh5 {[%emt 0:00:00][%mdl 4096] Endgame KR-KR} 37. Rg8 $2 (37. Rf1 $17) 37... Rh2+ $19 38. Kd3 Rf2 39. Rb8 b5 40. a4 bxa4 {[%emt 0:00:00] Black has a decisive advantage.} 41. Rb4 a3 42. bxa3 Rf3+ 43. Kd2 Rxa3 44. c4 a5 {[%emt 0:00:00] What a bad dream for White.  Weighted Error Value: White=0.44/Black=0.36} 0-1

[Event "Silver Lake Festival 2022"]
[Site "Veliko Gradiste"]
[Date "2022.06.24"]
[Round "7.1"]
[White "Song, Raymond"]
[Black "Stremavicius, Titas"]
[Result "1-0"]
[ECO "B45"]
[WhiteElo "2485"]
[BlackElo "2508"]
[Annotator "TA"]
[PlyCount "85"]
[EventDate "2022.06.16"]
[EventType "swiss"]
[EventCountry "SRB"]
[SourceTitle "playchess.com"]
[Source "ChessBase"]
[SourceQuality "1"]
[TimeControl "5400+30"]

1. e4 c5 2. Nf3 e6 3. d4 cxd4 4. Nxd4 Nf6 5. Nc3 Nc6 6. Nxc6 bxc6 7. e5 Nd5 8. Ne4 Qc7 9. f4 $1 Rb8 {[%emt 0:00:05] B45: Sicilian Four Knights.} (9... Qa5+ $11 10. c3 Be7) 10. c4 $16 Bb4+ 11. Ke2 $1 (11. Kf2 $6 f5 12. exf6 (12. cxd5 fxe4 13. d6 Qa5 $11) 12... Nxf6 13. Nxf6+ gxf6 $11) 11... O-O $1 {[%emt 0:00:07][%cal Of7f6] White is slightly better.} 12. cxd5 cxd5 13. Ng5 d6 14. a3 $1 Ba5 15. exd6 (15. Qd3 $2 Ba6 16. Qxa6 Qc2+ 17. Kf3 Rb3+ 18. Be3 dxe5 $1 $19) 15... Qxd6 16. Qc2 g6 {[%emt 0:00:05] And now ...e5 would win.} 17. Nf3 {[%emt 0:07:03] Against e5} f6 18. b4 Bb6 19. Ke1 Bd7 {[%emt 0:20:33] [#]} (19... e5 $14) 20. Be2 $146 ({Predecessor:} 20. Qb3 e5 21. fxe5 fxe5 22. Bb2 Rf4 23. Rc1 Rbf8 24. Rc2 a5 25. Nxe5 Re8 26. Re2 {1-0 (45) Wernikiewicz,Z (2329)-Troia,E (2237) ICCF email 2015}) 20... a5 21. Qd2 e5 22. fxe5 $1 (22. bxa5 Bc5 $14) 22... fxe5 23. Bb2 $1 (23. bxa5 Bc5 24. Qc3 Rxf3 25. Qxf3 (25. gxf3 $2 Bd4 $19) 25... Bd4 $17) 23... d4 24. Rf1 $1 (24. bxa5 $6 Bxa5 25. Qxa5 Rxb2 26. Bc4+ (26. Nxe5 $2 Bb5 $19) (26. Qxe5 Rxe2+ 27. Kxe2 Re8 $17) 26... Kg7 $11) 24... Be6 25. Qh6 ({Better is} 25. Ng5 $16) 25... Bd8 (25... Bd5 $1 $11) 26. b5 ({White should try} 26. Nd2 $1 $16) 26... a4 $1 $11 {[%emt 0:00:34] Hoping for ...e4.} 27. Rc1 (27. Qd2 $1 $16) 27... Ba5+ 28. Kf2 (28. Nd2 $5 ) 28... e4 {[%emt 0:08:28][%cal Oa5d2][%mdl 64] aiming for ...Bd2! Pin} 29. Rc6 (29. Rfd1 $11 {keeps the balance.} exf3 30. gxf3) 29... exf3 $17 (29... Qf4 $2 30. Qxf4 Rxf4 31. Rxe6 $18) (29... Qxc6 $2 30. bxc6 exf3 31. Bxf3 $1 (31. Bxd4 $2 fxe2+ 32. Kxe2 Bc4+ 33. Ke3 Rbe8+ 34. Be5 Rxe5+ 35. Kd4 Bxf1 $19) 31... Rxb2+ 32. Kg1 $18) 30. Bxf3 (30. Rxd6 $2 {loses.} fxe2+ 31. Kxe2 (31. Qxf8+ Rxf8+ 32. Kxe2 Bc4+ 33. Kd1 Rxf1+ 34. Kc2 d3+ 35. Rxd3 Rf2+) 31... Bc4+ 32. Kd1 Rxf1+ 33. Kc2 Rf2+ 34. Kc1 Rc8 35. Qg7+ (35. Bxd4 Bxb5+) 35... Kxg7 $19) (30. gxf3 $17 Qxc6 31. bxc6 Rxb2 32. Qc1) 30... Qe5 $19 31. Rd1 Rbd8 {[%emt 0:01:32] White must now prevent ...Bb3.} (31... Qxb5 $2 32. Bxd4 $1 Rb7 33. Rxe6 $18) ({Resist} 31... Rf4 32. Rxe6 $1 Rxf3+ 33. gxf3 $14) 32. Kg1 Bb3 33. Rf1 Rf7 $2 (33... Qxb5 {leads to mate.} 34. Rxg6+ hxg6 35. Qxg6+ Kh8 36. Bxd4+ $1 Rxd4 37. Qh6+ Kg8 38. Bd5+ $1 Rf7 39. Qg6+ Kh8 40. Qh5+ Rh7 41. Rf8+ Kg7 42. Rg8+ Kf6 43. Qg5#) (33... Bc3 $1 $19 34. Bxc3 dxc3) 34. b6 $11 Qb5 $2 {[%emt 0:05:28] [#]} (34... Bc3 $11 {and Black is okay.} 35. Bxc3 dxc3) 35. Bxd4 $1 $18 {[%emt 0:00:43][%cal Oc6g6,Bb2d4,Bd4f2,Bf2b6][%mdl 544] Rxg6+! would kill now.} Qd3 {[%emt 0:02:50] [#]} 36. Bf2 {[%emt 0:09:06] Really sharp! White is more active.} Bc4 $2 {[%emt 0:00:01] [#] Loses the game.} (36... Bd5 $16 37. Bxd5 Qxd5) 37. Rxc4 $1 Qxc4 38. Qg5 Bxb6 39. Bxb6 Rdd7 40. h3 Rf5 (40... Qe6 {was necessary.}) 41. Qe3 {[%emt 0:00:30] Qe8+ is the strong threat. White is clearly winning.} Qf7 {[%emt 0:01:41] Inhibits Qe8+.} 42. Rc1 {[%emt 0:00:25] Threatens to win with Rc8+.} Rf4 43. Qe5 {[%emt 0:01:26] Weighted Error Value: White=0.18 (very precise) /Black=0.41} 1-0

[Event "Silver Lake Festival 2022"]
[Site "Veliko Gradiste"]
[Date "2022.06.24"]
[Round "7.2"]
[White "Mohammad Nubairshah Shaikh"]
[Black "Strikovic, Aleksa"]
[Result "1/2-1/2"]
[ECO "E94"]
[WhiteElo "2443"]
[BlackElo "2502"]
[Annotator "TA"]
[PlyCount "43"]
[EventDate "2022.06.16"]
[EventType "swiss"]
[EventCountry "SRB"]
[SourceTitle "playchess.com"]
[Source "ChessBase"]
[SourceQuality "1"]
[TimeControl "5400+30"]

1. d4 d6 2. Nf3 Nf6 3. c4 g6 4. Nc3 Bg7 5. e4 O-O 6. Be2 e5 7. O-O Nbd7 8. d5 c6 9. Be3 c5 10. Ne1 Ne8 11. Qd2 {E94: King's Indian: Classical: 6 Be2 e5 7 0-0: Various Black 7th moves.} Bf6 12. Nd3 Ng7 13. g4 {White is better.} Be7 14. f4 exf4 15. Bxf4 f6 {[#]} 16. Bh6 $146 {[%emt 0:07:39] White is much more active.} ({Predecessor:} 16. a3 Ne5 17. Nxe5 fxe5 18. Be3 Bd7 19. b4 b6 20. Rxf8+ Qxf8 21. Nd1 Qc8 22. Nf2 {½-½ (48) Prudnikova,S (2426)-Djingarova,E (2310) Istanbul 2003}) 16... Ne5 $1 {[%emt 0:14:27] White is slightly better.} 17. Nxe5 fxe5 18. Rxf8+ Bxf8 19. Rf1 Bd7 20. Bd1 Be7 $1 21. Qf2 {[%emt 0:00:30] [#] White wants to mate with Qf7+.} Qf8 {[%emt 0:00:30] Prevents Qf7+.} 22. Qg3 {[%emt 0:00:30] Weighted Error Value: White=0.12 (very precise) /Black=0.07 (flawless)} 1/2-1/2

[Event "Silver Lake Festival 2022"]
[Site "Veliko Gradiste"]
[Date "2022.06.24"]
[Round "7.3"]
[White "Sadikhov, Ulvi"]
[Black "Krstulovic, Alex"]
[Result "0-1"]
[ECO "A36"]
[WhiteElo "2491"]
[BlackElo "2413"]
[Annotator "TA"]
[PlyCount "104"]
[EventDate "2022.06.16"]
[EventType "swiss"]
[EventCountry "SRB"]
[SourceTitle "playchess.com"]
[Source "ChessBase"]
[SourceQuality "1"]
[TimeControl "5400+30"]

1. c4 Nf6 2. Nc3 g6 3. g3 Bg7 4. Bg2 O-O 5. d3 d6 6. e3 c5 7. Nge2 Nc6 8. O-O Bd7 9. h3 a6 {[%emt 0:04:59] A36: Symmetrical English vs ...g6: 4 Bg2 Bg7.} 10. b3 Qc8 11. Kh2 b5 {[%emt 0:00:57] The position is equal.} 12. Bb2 Rb8 13. Qd2 {[%emt 0:00:27] [#]} bxc4 $146 ({Predecessor:} 13... Rd8 14. Rac1 e6 15. Rfd1 Be8 16. Nf4 b4 17. Ne4 Nxe4 18. dxe4 Ne5 19. Ne2 Bc6 {0-1 (28) Supi,L (2572)-Iturrizaga Bonelli,E (2607) chess24.com INT 2020}) 14. dxc4 a5 15. Rad1 Nb4 16. a4 Bc6 17. e4 Qb7 18. Nd5 Nbxd5 19. exd5 Bd7 20. Nc1 Qb4 21. Qe2 Rfe8 22. Rd3 e6 (22... Nh5 $11) 23. Bc3 $14 Qa3 (23... Ng4+ $2 24. Qxg4 Bxc3 25. Na2 Qxb3 26. Nxc3 $18) (23... Qb6 $1 $14) 24. dxe6 $16 Bxe6 25. Qd2 ({Inferior is} 25. Rxd6 Bxh3 $1 26. Bb2 Qb4 $1 $17) 25... Nh5 (25... d5 $16) 26. Bxg7 (26. Bxa5 Be5 27. Bc7 Bf5) 26... Nxg7 27. g4 {[%emt 0:13:48] Inhibits Nf5.} ({Don't do} 27. Rxd6 $6 Nf5 $16) 27... h5 28. Qxa5 ({White should play} 28. Rg3 $16) 28... hxg4 $14 29. hxg4 Bxg4 30. Rd2 $2 {[%emt 0:01:53] [#]} (30. Qc3 $14 {stays ahead.}) 30... Qa1 $1 $17 31. Qc7 $2 (31. Kg1 $17 {is more resistant.}) 31... Ne6 $19 32. Qc6 Qe5+ 33. Kg1 Nd4 34. Qd5 Qf4 35. Rd3 Be6 (35... Kg7 $142 36. Rxd4 cxd4) 36. Rxd4 $2 (36. Qe4 Qxe4 37. Bxe4) 36... cxd4 37. Qf3 Qxf3 38. Bxf3 d3 (38... Bf5 $142 {Threatens to win with ...d3.} 39. Kg2 Bc2) 39. Rd1 d2 (39... d5 $19 40. cxd5 Bf5) 40. Rxd2 $17 {[%emt 0:00:10] [#]} Bxc4 $1 41. bxc4 {[%emt 0:00:33] Black must now prevent Ne2.} Re1+ 42. Kg2 {[%emt 0:00:04] aiming for Nd3.} Rxc1 43. Rxd6 Rxc4 {[%emt 0:01:43][%mdl 4096] Endgame KRR-KRB} 44. a5 (44. Rxg6+ $17 fxg6 45. Bd5+ Kf8 46. Bxc4) 44... Ra4 45. a6 Rb5 46. Bb7 Kg7 47. f3 $2 (47. Rd7 {is a better chance.}) 47... Rb2+ $19 {[%emt 0:00:48] Black is clearly winning.} 48. Kg3 f5 49. Bd5 (49. Rd7+ $142 Kf6 50. Rd3) 49... Rd2 50. Rd7+ Kh6 51. a7 Kg5 {[%emt 0:00:39] ( -> ...f4+)} 52. f4+ Kh6 {[%emt 0:00:00] Weighted Error Value: White=0.71/Black=0.24 (precise)} 0-1

[Event "Silver Lake Festival 2022"]
[Site "Veliko Gradiste"]
[Date "2022.06.24"]
[Round "7.4"]
[White "Manish Anto Cristiano F"]
[Black "Ramoutar, Alan-Safar"]
[Result "1/2-1/2"]
[ECO "B11"]
[WhiteElo "2071"]
[BlackElo "2477"]
[Annotator "TA"]
[PlyCount "109"]
[EventDate "2022.06.16"]
[EventType "swiss"]
[EventCountry "SRB"]
[SourceTitle "playchess.com"]
[Source "ChessBase"]
[SourceQuality "1"]
[TimeControl "5400+30"]

1. e4 c6 2. Nc3 d5 3. Nf3 dxe4 4. Nxe4 Nf6 5. Qe2 Nxe4 6. Qxe4 Nd7 {[%emt 0:00:11] B11: Caro-Kann: Two Knights Variation.} 7. Bc4 {[%emt 0:00:29] aiming for Ng5.} Nf6 {[%emt 0:00:38] [#]} 8. Ne5 $1 e6 {[%emt 0:00:12] White has an edge.} 9. Qe2 b5 10. Bd3 ({Much weaker is} 10. Nxc6 Qc7 11. Bd3 (11. Bxb5 a6 $17) 11... a6 $15) 10... Qc7 11. a4 Bd6 {[%emt 0:03:21] [#]} 12. Nxc6 b4 (12... Qxc6 $2 13. Bxb5 Qd7 14. Bxd7+ $18) 13. Nd4 $1 a6 {[%emt 0:01:53] Inhibits Nb5.} 14. Nf5 $1 Bb7 15. Nxd6+ ({Don't play} 15. Nxg7+ Kd7 $15) 15... Qxd6 16. f3 {[%emt 0:09:04] [#]} (16. O-O {looks sharper.} Rc8 17. Re1 Rc5 18. Qe3) 16... h5 $146 (16... Nd5 $14 {deserves consideration.}) ({Predecessor:} 16... Nd5 17. g3 b3 18. c3 h5 19. Be4 h4 20. Rg1 hxg3 21. hxg3 O-O-O 22. Qc4+ Kb8 23. Qxb3 {½-½ (34) Georgiadis,N (2562)-Predojevic,B (2585) Germany 2022}) 17. b3 $16 Nd5 {[%emt 0:07:08] White must now prevent ...Nf4.} 18. Bb2 (18. g3 $16) 18... Nf4 $11 19. Be5 Qxd3 20. cxd3 Nxe2 21. Kxe2 a5 22. Rhc1 Bd5 23. Rc5 O-O ({Don't do} 23... f6 24. Bc7 $16) 24. Rb1 Rfc8 25. d4 Kf8 26. Bc7 Ke8 27. Rbc1 Bxb3 {[%emt 0:06:03] The position is equal.} 28. Bxa5 Rxc5 29. Rxc5 {[%emt 0:00:02][%mdl 4096] Endgame KRB-KRB} Bd5 30. Bxb4 Rxa4 31. Bc3 Ke7 32. Rc7+ Kf6 33. Rc8 g5 34. Rh8 Kg6 35. Rg8+ Kf6 36. Rh8 h4 37. Kf2 Kg7 38. Rb8 Kh7 39. Bb4 Ra2 40. Ke3 f5 41. Bc3 Rc2 42. Rb1 Kg6 43. g3 hxg3 44. hxg3 Ra2 45. Ra1 Rc2 46. Kd3 Ra2 47. Ke3 Rxa1 48. Bxa1 {[%emt 0:00:02] KB-KB} Kh5 49. Bc3 g4 50. f4 Kg6 51. Bb4 Kf7 52. Kd3 Ke8 53. Kc3 Kd7 54. Kd3 Kc6 55. Be7 {[%emt 0:00:13] Weighted Error Value: White=0.05 (flawless) /Black=0.04 (flawless)} 1/2-1/2

[Event "Silver Lake Festival 2022"]
[Site "Veliko Gradiste"]
[Date "2022.06.24"]
[Round "7.5"]
[White "Petrovic, Dragan R"]
[Black "Damljanovic, Branko"]
[Result "0-1"]
[ECO "B90"]
[WhiteElo "2143"]
[BlackElo "2469"]
[Annotator "TA"]
[PlyCount "119"]
[EventDate "2022.06.16"]
[EventType "swiss"]
[EventCountry "SRB"]
[SourceTitle "playchess.com"]
[Source "ChessBase"]
[SourceQuality "1"]
[TimeControl "5400+30"]

1. e4 c5 2. Nf3 d6 3. d4 cxd4 4. Nxd4 Nf6 5. Nc3 a6 6. f3 Nc6 7. Be3 e5 8. Nb3 Be6 9. Qd2 Be7 10. O-O-O a5 11. Bb5 O-O 12. Kb1 Na7 {[%emt 0:04:06] B90: Sicilian Najdorf: Unusual White 6th moves, 6 Be3 Ng4 and 6 Be3 e5.} 13. Be2 Nc8 {[%emt 0:01:37] [#]} 14. Nd5 $146 (14. a4 $16) ({Predecessor:} 14. Qe1 a4 15. Nc5 a3 16. b3 Qc7 17. Nxe6 fxe6 18. Bc4 d5 19. exd5 Nd6 20. Nb5 Nxb5 21. Bxb5 exd5 {0-1 (42) Milos,G (2565)-Saldano Dayer,H (2320) Buenos Aires 1996}) 14... Nxd5 $11 {[%emt 0:05:04] The position is equal.} 15. exd5 Bd7 16. c4 a4 17. Na1 f5 (17... b5 $5) 18. Nc2 Qe8 19. Rhg1 Bd8 (19... f4 $5 20. Bf2 b5 $11) 20. Na3 Ba5 21. Qc2 Kh8 22. Nb5 (22. g4 $14) 22... Bxb5 $15 23. cxb5 a3 24. b3 Rf7 25. g4 f4 26. Bf2 (26. Bc1 $1 $11 {remains equal.}) 26... e4 $17 27. fxe4 (27. Qxe4 $2 Re7 28. Qxf4 Rxe2 $19) 27... Bb6 (27... Rc7 $1 $17 28. Bc4 Nb6 29. Bxb6 Bxb6) 28. Bd4 $2 (28. Rgf1 $1 $11) 28... f3 $19 29. Bc4 {[%emt 0:02:48] [#]} Bxd4 30. Rxd4 Nb6 31. Qf2 Nd7 {[%emt 0:01:21][%mdl 1024] Black has strong compensation.} 32. h3 Ne5 33. Rc1 Rc8 34. b6 (34. Bf1 $17) 34... Qd8 (34... Kg8 $19 {is more deadly.} 35. Bf1 Rxc1+ 36. Kxc1 Qe7) 35. Rdd1 $17 h5 36. gxh5 Qg5 (36... Nxc4 $142 37. bxc4 (37. Rxc4 Rxc4 38. bxc4 Qf6 $17) 37... Qg5) 37. Bf1 Rcf8 {[%emt 0:00:12] 0x0.001e686e8550dp-1022s more active pieces.} 38. Rc7 ({White should try} 38. Rd4) 38... Qxh5 39. Rdc1 Qg6 (39... Kg8 $17) 40. Qh4+ $2 {[%emt 0:00:23] [#]} (40. Rxf7 $1 $11 {and White stays safe.} Rxf7 41. Rc8+ Kh7 42. Qh4+ Qh6 43. Qxh6+ (43. Qd8 $2 Qf4 $19) 43... Kxh6 44. Kc2) 40... Kg8 $1 $19 41. Rxf7 Nxf7 (41... Kxf7 $19 42. Rc7+ Kg8) 42. Qe7 $2 (42. Qg4 $1 $15 Qf6 43. Rc2) 42... Ng5 $2 (42... Ne5 43. Qe6+ Kh7 44. Qxg6+ Kxg6 45. Rc7 $11) (42... Qg3 {( -> ...Qf2)} 43. Qc7 Ng5) 43. h4 $2 (43. Bd3 Nf7 44. Bf1 (44. Qxb7 $2 Ne5 $19)) 43... Nxe4 44. Qe6+ Qxe6 45. dxe6 {[%emt 0:00:05][%mdl 4096] Endgame KRB-KRN} Nd2+ 46. Kc2 Nxf1 ({Not} 46... Ne4 47. Bc4 Rc8 48. e7+ (48. Kd3 Nf6 $16) 48... Kh7 49. Kd3 $16) 47. Rxf1 {[%emt 0:02:19] KR-KR} (47. e7 $142 Ng3 48. exf8=N (48. exf8=R+ $2 Kxf8 49. b4 f2 $19) 48... Kxf8 49. b4) 47... Rf6 48. Kc3 Kf8 49. Kb4 $2 (49. Kd2 Ke7 50. Ke3) 49... Ke7 50. Kxa3 Kxe6 51. Kb2 Ke5 52. Kc3 Kf4 53. a4 Kg3 54. a5 f2 (54... Kg2 $142 55. Rb1 f2) 55. b4 Kg2 {[%emt 0:00:05] Black mates.} 56. Ra1 f1=Q 57. Rxf1 Rxf1 58. b5 Rb1 59. Kc4 g6 60. Kd4 {[%emt 0:02:46] Weighted Error Value: White=0.89/Black=0.32} 0-1

[Event "Silver Lake Festival 2022"]
[Site "Veliko Gradiste"]
[Date "2022.06.24"]
[Round "7.6"]
[White "Radovanovic, Nikola"]
[Black "Anuj Shrivatri"]
[Result "1/2-1/2"]
[ECO "D00"]
[WhiteElo "2423"]
[BlackElo "2356"]
[Annotator "TA"]
[PlyCount "43"]
[EventDate "2022.06.16"]
[EventType "swiss"]
[EventCountry "SRB"]
[SourceTitle "playchess.com"]
[Source "ChessBase"]
[SourceQuality "1"]
[TimeControl "5400+30"]

1. d4 Nf6 2. Nc3 d5 3. Bf4 c5 4. e4 Nxe4 5. Nxe4 dxe4 {[%emt 0:00:04] The position is equal.} 6. dxc5 {[%emt 0:00:08] D00: 1 d4 d5: Unusual lines.} Qa5+ 7. c3 {[%emt 0:00:15] b4 is the strong threat.} Qxc5 8. Qa4+ Nc6 9. Qxe4 g6 10. Nf3 Bg7 {[%emt 0:11:07][%cal Og7c3] [#] aiming for ...Bxc3+!} 11. Qe3 Qxe3+ 12. Bxe3 O-O 13. Be2 b6 14. O-O Bb7 15. Rfd1 {[%emt 0:01:46] [#] A balanced but interesting game.  Weighted Error Value: White=0.00 (flawless) /Black=0.01 (flawless)} {Predecessor:} Rfd8 $146 16. Nd2 Rd7 17. Nb3 Rxd1+ 18. Rxd1 Rd8 19. Rxd8+ Nxd8 20. a4 Bd5 21. Nd4 Bxd4 22. Bxd4 {½-½ (46) Niemann,H (2642)-Hakobyan,A (2601) Chess.com INT 2022} 1/2-1/2

[Event "Silver Lake Festival 2022"]
[Site "Veliko Gradiste"]
[Date "2022.06.24"]
[Round "7.7"]
[White "Zanan, Evgeny"]
[Black "Lever, Erwan"]
[Result "1-0"]
[ECO "B45"]
[WhiteElo "2534"]
[BlackElo "2209"]
[Annotator "RC"]
[PlyCount "33"]
[EventDate "2022.06.16"]
[EventType "swiss"]
[EventCountry "SRB"]
[SourceTitle "playchess.com"]
[Source "ChessBase"]
[SourceQuality "1"]
[TimeControl "5400+30"]

1. e4 c5 2. Nf3 e6 3. d4 cxd4 4. Nxd4 Nf6 5. Nc3 Nc6 6. Nxc6 bxc6 7. Bd3 d5 8. O-O g6 9. Bg5 h6 10. Bxf6 Qxf6 11. exd5 cxd5 12. Nxd5 exd5 13. Bb5+ Kd8 14. Qxd5+ Bd6 15. Rad1 Rb8 16. c4 a6 17. Qc5 1-0

[Event "Silver Lake Festival 2022"]
[Site "Veliko Gradiste"]
[Date "2022.06.24"]
[Round "7.8"]
[White "Lazic, Emanuel"]
[Black "Markovic, Zoran S"]
[Result "0-1"]
[ECO "B31"]
[WhiteElo "2185"]
[BlackElo "2313"]
[Annotator "TA"]
[PlyCount "59"]
[EventDate "2022.06.16"]
[EventType "swiss"]
[EventCountry "SRB"]
[SourceTitle "playchess.com"]
[Source "ChessBase"]
[SourceQuality "1"]
[TimeControl "5400+30"]

1. e4 c5 2. Nf3 Nc6 3. Bb5 g6 4. Bxc6 bxc6 5. O-O Bg7 6. Re1 Nh6 7. c3 O-O 8. d4 {[%emt 0:00:54] 8.h3 deserves study.} cxd4 9. cxd4 d5 10. e5 {[%emt 0:00:36] B31: Sicilian: 2...Nc6 3 Bb5 g6.} f6 11. exf6 exf6 12. Nbd2 {[%emt 0:01:20] The position is equal.} Nf5 13. Nb3 Re8 14. Bd2 Rxe1+ 15. Qxe1 Nd6 {[%emt 0:11:12] [#]} 16. Ba5 $146 ({Predecessor:} 16. Bb4 Qc7 17. Rc1 Bg4 18. Qc3 Rc8 19. Nfd2 h5 20. h3 {½-½ (20) Novikovas,V (2530)-Dunlop,G (2535) ICCF email 2018}) 16... Qd7 17. Bb4 Ne4 18. Nfd2 f5 (18... Nd6 $11 {remains equal.}) 19. Nxe4 (19. Rc1 $16) 19... dxe4 $11 20. Qc3 Qf7 21. Qxc6 Bb7 22. Qc2 Bd5 23. Bc3 f4 24. Nc5 Re8 25. Qa4 (25. Re1 $11) 25... f3 $36 {[%emt 0:09:55][%mdl 3072] Strongly threatening ...e3. Black has strong compensation. Black is pushing.} (25... Re7 $5 26. Qb4 f3 27. gxf3 exf3 $15) 26. Qd7 $1 Re7 27. Qd8+ {[%emt 0:00:15] [#] This move loses the game for White.} (27. Qc8+ $1 $15 Bf8 28. Qh3 (28. gxf3 $2 Qxf3 29. Qd8 e3 $19)) 27... Bf8 $1 $19 {[%emt 0:04:11] A strong pair of Bishops. Black is clearly better.} ({Weaker is} 27... Re8 28. Qd7 $15) 28. Be1 Qf5 {[%emt 0:01:30][%cal Of5g4] Inhibits Qc8. ( -> ...Qg4!)} 29. Bd2 {[%emt 0:01:43] [#]} e3 $1 30. Be1 $2 {[%emt 0:00:30] Weighted Error Value: White=0.23 (precise) /Black=0.07 (flawless)} (30. Bxe3 Rxe3 31. Nd7 (31. fxe3 $2 {is a self mate.} f2+ 32. Kh1 f1=Q+ 33. Rxf1 Qxf1#)) 0-1